AoeStats
← Do Not Flush

Arabia

509959195Analyzed
1v1 RM · 4d ago on Sep 28, 2026· 28m 0s· 2 players
Game mode
Random Map
Map size
Tiny (2 player)
Population
200
Speed
Normal
Resources
Standard
Victory
Conquest
Starting age
Dark Age
Ending age
Imperial Age
RankedLock teamsTeams togetherTeam positionsShared explorationLock speedFull tech treeHidden civsTurbo modeCheats
Victory
Defeat
🇬🇧 Vikings · United Kingdom
1155
+17
🇰🇿 Persians · Kazakhstan
1176
-17
Do Not Flush
9:34 Feudal Age
9:37 Man-at-Arms
11:07 Double-Bit Axe
11:04 Horse Collar
13:25 Gold Mining
14:18 Loom
20:54 Castle Age
19:56 Scale Mail Armor
20:07 Forging
19:48 Fletching
22:01 Bow Saw
23:26 Gold Shaft Mining
22:59 Squires
22:45 Arson
24:19 Chain Mail Armor
25:24 Heavy Plow
26:49 Bodkin Arrow
26:18 Elite Skirmisher
jamakucky
6:53 Loom
9:06 Feudal Age
10:20 Double-Bit Axe
23:39 Castle Age
21:31 Horse Collar
23:12 Wheelbarrow
23:33 Light Cavalry
24:25 Bloodlines
24:16 Husbandry
24:28 Scale Barding Armor
23:56 Crossbowman
24:51 Gold Mining
25:20 Bow Saw
26:09 Fletching
26:19 Padded Archer Armor
Connection lost

Rejoining the realm…

Still unreachable

The connection could not be restored.

Session expired

The server has moved on; the page needs a fresh start.